 Dungeon Crawl Stone Soup version 0.28-a0-677-g3278d6a771 (webtiles) character file.

Game seed: 18323998210591774458

156914 nordan the Imperceptible (level 17, -2/88 HPs)
             Began as a Spriggan Enchanter on Oct 17, 2021.
             Was the Champion of Dithmenos.
             Engulfed by a swamp dragon's poison gas (9 damage)
             ... on level 4 of the Swamp on Oct 18, 2021.
             The game lasted 01:50:36 (38842 turns).

nordan the Imperceptible (Spriggan Enchanter)      Turns: 38842, Time: 01:50:36

Health: -2/88      AC: 11    Str:  9    XL:     17   Next: 11%
Magic:  35/37      EV: 40    Int: 18    God:    Dithmenos [******]
Gold:   3670       SH:  5    Dex: 29    Spells: 33/47 levels left

rFire   . . .      SeeInvis +   K - +7 rapier "Eciwn" {vorpal, Will+ Stlth+}
rCold   . . .      Faith    .   (shield restricted)
rNeg    . . .      Spirit   .   E - +5 steam dragon scales
rPois   .          Reflect  +   (helmet restricted)
rElec   .          Harm     .   e - +0 cloak "Fytiale" {Dex+7}
rCorr   .          Rampage  .   (gloves unavailable)
Will    +++..                   (boots unavailable)
Stlth   ++++++++++              R - amulet of reflection
HPRegen 0.24/turn               Q - +4 ring of evasion
MPRegen 0.25/turn               B - +6 ring of dexterity

@: lethally poisoned (-2 -> -34), very slightly contaminated, wreathed by umbra,
slow
A: very small, no large weapons, unfitting armour, see invisible, speed 3,
MP-powered wands
a: Renounce Religion, Shadow Step, Shadow Form


You were on level 4 of the Swamp.
You worshipped Dithmenos.
Dithmenos was exalted by your worship.
You visited 6 branches of the dungeon, and saw 32 of its levels.
You also visited: Bailey and Ice Cave.

You collected 4586 gold pieces.
You spent 916 gold pieces at shops.

Inventory:

Hand Weapons
 s - the +4 dagger of Oenomania {vorpal, Int+4 Stlth+}
   (You found it on level 4 of the Dungeon)

   It inflicts extra damage upon your enemies.
   Int:       It affects your intelligence (+4).
   Stlth:     It makes you more stealthy.
 K - the +7 rapier "Eciwn" (weapon) {vorpal, Will+ Stlth+}
   (You found it on level 11 of the Dungeon)

   It inflicts extra damage upon your enemies.
   Will:      It increases your willpower.
   Stlth:     It makes you more stealthy.
Missiles
 o - 4 atropa-tipped darts (quivered)
 p - 86 poisoned darts
 x - 2 throwing nets
 V - 3 datura-tipped darts
Armour
 e - the +0 cloak "Fytiale" (worn) {Dex+7}
   (You bought it in a shop on level 13 of the Dungeon)

   Dex:       It affects your dexterity (+7).
 k - a +2 cloak
 v - the +1 robe of the Sturgeon {rCorr}
   (You bought it in a shop on level 3 of the Dungeon)

   rCorr:     It protects you from acid and corrosion.
 E - +5 steam dragon scales (worn)
Jewellery
 l - a ring of fire
 B - a +6 ring of dexterity (right hand)
 P - the ring of Tokkyles {rPois rN+ Int+3}
   (You found it on level 6 of the Lair of Beasts)

   [ring of poison resistance]

   Int:       It affects your intelligence (+3).
   rPois:     It protects you from poison.
   rN:        It protects you from negative energy.
 Q - a +4 ring of evasion (left hand)
 R - an amulet of reflection (around neck)
Wands
 r - a wand of mindburst (24)
 y - a wand of iceblast (21)
 A - a wand of flame (104)
 D - a wand of polymorph (10)
 F - a wand of charming (4)
 J - a wand of digging (7)
 O - a wand of acid (5)
Scrolls
 a - 2 scrolls of fear
 b - a scroll of blinking
 f - a scroll of brand weapon
 i - 9 scrolls of enchant weapon
 w - 12 scrolls of teleportation
 z - 3 scrolls of fog
 L - 4 scrolls of summoning
 M - 2 scrolls of silence
 N - a scroll of amnesia
 T - 14 scrolls of identify
Potions
 c - 3 potions of resistance
 d - a potion of mutation
 g - 3 potions of flight
 h - 3 potions of magic
 j - 3 potions of haste
 m - 5 potions of brilliance
 n - 3 potions of curing
 q - 3 potions of lignification
 t - 5 potions of might
 u - a potion of attraction
 C - 9 potions of ambrosia
 G - 2 potions of cancellation
 I - a potion of berserk rage
Miscellaneous
 H - a tin of tremorstones (2/2)
 S - a box of beasts (inert)
 X - a lightning rod (4/4)


   Skills:
 + Level 9.5 Fighting
 + Level 12.5 Short Blades
 + Level 14.7 Dodging
 + Level 24.3 Stealth
 + Level 15.9 Spellcasting
 + Level 16.1 Hexes
 - Level 6.0 Invocations


You had 33 spell levels left.
You knew the following spells:

 Your Spells              Type           Power      Damage    Failure   Level
a - Ensorcelled Hibernat  Hex/Ice        86%        N/A       1%          2
b - Tukima's Dance        Hex            64%        N/A       1%          3
c - Dazzling Flash        Conj/Hex       86%        N/A       1%          3
d - Invisibility          Hex            32%        N/A       1%          6

Your spell library contained the following spells:

 Spells                   Type           Power      Damage    Failure   Level
 Confusing Touch          Hex            64%        N/A       1%          3
 Portal Projectile        Hex/Tloc       86%        N/A       1%          3
 Summon Guardian Golem    Hex/Summ       43%        N/A       1%          3
 Fulminant Prism          Conj/Hex       21%        3d13      1%          4
 Leda's Liquefaction      Hex/Erth       21%        N/A       1%          4
 Animate Skeleton         Necr           28%        N/A       4%          1
 Pain                     Necr           56%        1d6       4%          1
 Sandblast                Erth           28%        2d8       4%          1
 Metabolic Englaciation   Hex/Ice        21%        N/A       4%          5
 Blink                    Tloc           N/A        N/A       7%          2
 Corpse Rot               Necr/Air       28%        N/A       7%          2
 Passwall                 Tmut/Erth      11%        N/A       7%          2
 Poisonous Vapours        Pois/Air       28%        N/A       7%          2
 Static Discharge         Conj/Air       14%        N/A       7%          2
 Gell's Gravitas          Tloc           7%         N/A       13%         3
 Lesser Beckoning         Tloc           14%        N/A       13%         3
 Ozocubu's Armour         Ice            14%        N/A       13%         3
 Swiftness                Air            14%        N/A       13%         3
 Teleport Other           Tloc           14%        N/A       13%         3
 Vampiric Draining        Necr           7%         2d7       13%         3
 Animate Armour           Summ/Erth      28%        N/A       41%         4
 Dispel Undead            Necr           14%        3d10      41%         4
 Iskenderun's Mystic Bla  Conj/Tloc      14%        2d5       41%         4
 Olgreb's Toxic Radiance  Pois           14%        N/A       41%         4
 Sticky Flame             Conj/Fire      14%        2d4       41%         4
 Blade Hands              Tmut           7%         N/A       77%         5
 Borgnjor's Vile Clutch   Necr/Erth      7%         N/A       77%         5
 Excruciating Wounds      Necr           7%         N/A       77%         5
 Lee's Rapid Deconstruct  Erth           7%         3d7*      77%         5
 Manifold Assault         Tloc           14%        N/A       77%         5
 Iron Shot                Conj/Erth      7%         9d2       100%        6
 Simulacrum               Ice/Necr       7%         N/A       100%        6
 Statue Form              Tmut/Erth      9%         N/A       100%        6
 Orb of Destruction       Conj           7%         9d3       100%        7
 Ozocubu's Refrigeration  Ice            7%         4d6       100%        7
 Spellforged Servitor     Conj/Summ      7%         N/A       100%        7
 Storm Form               Tmut/Air       7%         N/A       100%        7
 Ignition                 Fire           7%         3d4       100%        8


Dungeon Overview and Level Annotations

Branches:
Dungeon (15/15)            Temple (1/1) D:7            Lair (6/6) D:11
  Swamp (4/4) Lair:3       Spider (4/4) Lair:4        Slime (0/5) Lair:5
    Orc (2/2) D:11            Elf (0/3) Orc:2        Vaults (0/5) D:13
 Depths (0/4) D:15         Bailey (visited)           IceCv (visited)

Altars:
Ashenzari
Cheibriados
Dithmenos
Elyvilon
Fedhas
Gozag
Hepliaklqana
Kikubaaqudgha
Makhleb
Nemelex Xobeh
Okawaru
Qazlal
Ru
Sif Muna
Trog
Uskayaw
Wu Jian
Xom
Yredelemnul
Zin
The Shining One
Beogh
Jiyva

Shops:
D:3 :[([*   D:4 :   D:9 [   D:13 [   Orc:2 [*(*

Portals:
Trove: D:12 (give 2 scrolls of acquirement)

Annotations:
D:8 1 runed translucent door, xoxolimbo's ghost, novice DsWz
Lair:3 2 transporters, Behiugoeme's ghost, journeyman DECj
Lair:5 1 runed translucent door, Yneta's ghost, journeyman DrEE
Swamp:3 Mara


Innate Abilities, Weirdness & Mutations

You are very small and have problems with some larger weapons.
You are too small for most types of armour.
You have supernaturally acute eyesight. (SInv)
You cover ground extremely quickly. (Speed+++)
You expend magic power (3 MP) to strengthen your wands.


Message History

* * * LOW HITPOINT WARNING * * *
You feel very sick. You block the swamp dragon's attack.
The swamp dragon completely misses you. x2
A will-o-the-wisp comes into view.
Unknown command.
You feel better. The swamp dragon completely misses you.
The swamp dragon claws you.
* * * LOW HITPOINT WARNING * * *
The swamp dragon completely misses you.
Unknown command.
Casting: Ensorcelled Hibernation (safe; 1% risk of failure)
Confirm with . or Enter, or press ? or * to list all spells.
Aiming: Ensorcelled Hibernation (safe; 1% risk of failure)
Press: ? - help, Shift-Dir - straight line, f/p - swamp dragon
Aim: a swamp dragon (umbra, chance to affect: 51%)
The swamp dragon looks drowsy...
Your shadow mimicks your spell!
The swamp dragon is unaffected.
The will-o-the-wisp blinks!
The swamp dragon breathes poison at you.
The blast of poison misses you.
The helpless swamp dragon fails to defend itself.
You spit the swamp dragon like a pig!!!!!
You kill the swamp dragon!
Dithmenos accepts your kill.
You are engulfed in poison gas.
You are poisoned.
* * * LOW HITPOINT WARNING * * *
You flicker back into view.
You feel sick.
You feel better.
You are engulfed in poison gas.
You are lethally poisoned!
* * * LOW HITPOINT WARNING * * *
x2 You feel very sick.
The swamp dragon completely misses you. You block the swamp dragon's attack.
The swamp dragon tramples you but does no damage.
You enter the shallow water.
Moving in this stuff is going to be slow.
You are engulfed in poison gas.
You are more poisoned.
You die...

*********♣♣♣♣♣♣♣♣♣
≈*≈,,,,,≈♣.≈≈..≈≈♣♣
≈,,≈,≈≈≈≈≈.§≈.....♣
≈,≈≈,≈≈≈...≈.≈..§≈♣
≈≈≈≈≈,,≈≈...≈.≈.≈.♣
≈≈≈,,≈,≈≈≈≈≈.≈.○@○♣
,≈,≈,≈,,≈...v..°☼♣♣
,,,,≈≈,,...≈...D°♣
,≈,,,≈,,..≈.≈.°..♣*
≈≈,≈,,,,......≈.≈.*
,≈,,≈,≈,..≈..≈..§.*
,≈,,,≈,,≈≈≈.......♣
,,≈,≈≈≈,,.≈..≈....♣
,,,,≈,≈≈,≈........♣


You could see a swamp dragon (catching breath) and a will-o-the-wisp.

Vanquished Creatures
  Jorgrun (D:14)
  Mlioglotl (Spider:1)
  Agnes (Spider:3)
  Frances (Spider:1)
  Donald (Spider:1)
  Roxanne (Spider:1)
  A thorn hunter (Swamp:2)
  An orc warlord (Orc:2)
  Kirke (Lair:4)
  Louise (Swamp:1)
  A ghoul (Swamp:3)
  Nessos (Lair:5)
  An entropy weaver (Spider:1)
  5 bunyips
  2 eleionomae
  Snorg (D:14)
  An ettin (Orc:1)
  A shambling mangrove (Swamp:2)
  10 hydras
  8 vault guards (D:13)
  3 boulder beetles
  2 catoblepae
  5 centaur warriors
  Erolcha (Orc:1)
  A ghost crab (Swamp:2)
  4 two-headed ogres
  6 alligators
  A death knight (D:13)
  5 death yaks (Lair:6)
  5 spriggans (Swamp:2)
  5 orc high priests (Orc:2)
  Nergalle (D:12)
  A skeletal warrior (D:12)
  2 goliath frogs
  3 swamp dragons
  2 spriggan druids
  5 bog bodies
  8 orc knights
  2 wizards
  A lindwurm (Lair:5)
  2 deep elf pyromancers
  A necromancer (D:15)
  23 wolf spiders
  3 orb spiders
  An oklob plant (Lair:5)
  3 manticores
  10 cyclopes
  5 slime creatures (D:12)
  2 will-o-the-wisps
  3 moths of wrath
  2 ugly things
  3 black mambas
  Joseph (Lair:1)
  7 elephants
  4 naga magi (D:15)
  Maggie (D:8)
  2 gargoyles
  3 torpor snails
  23 cane toads
  An efreet (D:13)
  6 komodo dragons
  3 rime drakes
  3 demonic crawlers
  3 meliai (Lair:4)
  4 trolls
  7 tyrant leeches
  10 jumping spiders
  2 polar bears
  A queen bee (Lair:4)
  Grinder (D:5)
  11 hornets
  A blink frog (shapeshifter) (D:11)
  36 blink frogs
  4 dream sheep (Lair:5)
  3 wraiths
  2 centaur simulacra
  25 redbacks
  A shadow (D:11)
  41 yaks
  21 tarantellas
  9 wyverns
  3 hogs (Lair:4)
  A golden eye (shapeshifter) (D:15)
  A hog (shapeshifter) (D:15)
  5 basilisks
  13 vampire mosquitoes
  4 wargs
  8 swamp worms
  13 water moccasins
  A hell hound (D:15)
  An acid dragon (D:12)
  25 orc warriors
  3 black bears
  A black bear (shapeshifter) (D:13)
  9 ogres
  A necrophage (D:5)
  A swamp drake (Swamp:1)
  4 wolves (Lair:5)
  18 centaurs
  3 kobold brigands
  28 bullfrogs
  A wyvern zombie (D:8)
  A scorpion (D:5)
  A wyvern skeleton (D:5)
  43 killer bees
  3 wights
  2 howler monkeys (D:7)
  3 electric eels
  A bullfrog zombie (D:7)
  7 centaur zombies
  5 hounds
  2 jellies
  35 orc priests
  2 gnoll shamans
  3 bullfrog skeletons
  4 centaur skeletons
  4 iguanas
  19 orc wizards
  A spriggan simulacrum (IceCv)
  A killer bee zombie (D:7)
  A hound zombie (D:5)
  3 hound skeletons
  A mummy (D:5)
  A howler monkey zombie (D:9)
  A howler monkey skeleton (D:5)
  4 gnolls
  4 adders
  2 white imps (D:7)
  3 ufetubi
  An adder skeleton (D:5)
  An adder zombie (D:5)
  2 worms
  5 dart slugs
  66 orcs
  5 bats
  3 endoplasms
  5 giant cockroaches
  8 goblins
  11 hobgoblins
  3 jackals (D:3)
  2 quokkas
  6 ball pythons
  5 frilled lizards
  A hobgoblin zombie (D:5)
  15 kobolds
  A kobold zombie (D:5)
  2 orc zombies (D:5)
  4 rats
845 creatures vanquished.

Vanquished Creatures (collateral kills)
  13 orc warriors
  15 wights
  4 orc priests
  An orc wizard (D:7)
  3 gnolls (D:8)
  8 orcs
  A kobold (D:4)
45 creatures vanquished.

Vanquished Creatures (others)
  16 dancing weapons
  A bullfrog (Lair:6)
  An orc wizard (D:8)
  An orc (D:6)
  4 foxfires (Swamp:1)
  23 fungi
  101 plants
147 creatures vanquished.

Grand Total: 1037 creatures vanquished

Notes
Turn   | Place    | Note
-------+----------+-------------------------------------------
     0 | D:1      | nordan the Spriggan Enchanter began the quest for the Orb.
     0 | D:1      | Reached XP level 1. HP: 9/9 MP: 5/5
   399 | D:2      | Reached XP level 2. HP: 10/13 MP: 7/7
   411 | D:2      | Learned a level 2 spell: Ensorcelled Hibernation
   818 | D:2      | Found a faded altar of an unknown god.
   843 | D:2      | Found a sacrificial altar of Ru.
  1188 | D:1      | Reached XP level 3. HP: 12/16 MP: 1/9
  1429 | D:1      | Learned a level 3 spell: Tukima's Dance
  1433 | D:1      | Learned a level 3 spell: Dazzling Flash
  2180 | D:3      | Found Zisijal's Antique Armour Shop.
  2334 | D:3      | Reached skill level 5 in Hexes
  2334 | D:3      | Reached XP level 4. HP: 21/21 MP: 1/11
  2553 | D:3      | Found Yfay's Weapon Emporium.
  2757 | D:3      | Found Vug Pisonuo's Book Boutique.
  2912 | D:3      | Found Ovalap's Antique Armour Boutique.
  2922 | D:3      | Found an ornate altar of the Wu Jian Council.
  2956 | D:3      | Found Jilana's General Store.
  2964 | D:3      | Bought a potion of curing for 36 gold pieces
  3168 | D:4      | Found Zuvim's Book Emporium.
  3252 | D:4      | Noticed a phantom
  3400 | D:4      | Reached XP level 5. HP: 12/24 MP: 13/13
  3553 | D:4      | Reached skill level 5 in Spellcasting
  3810 | D:4      | Found a sparkling altar of Nemelex Xobeh.
  3811 | D:4      | Identified the +4 dagger of Oenomania {vorpal, Int+4
                  | Stlth+}
  3922 | D:4      | Found a hazy altar of Hepliaklqana.
  4105 | D:4      | Reached XP level 6. HP: 28/28 MP: 10/15
  4646 | D:5      | Entered Level 5 of the Dungeon
  5019 | D:5      | Reached XP level 7. HP: 32/32 MP: 18/18
  5027 | D:5      | Noticed Grinder
  5078 | D:5      | Killed Grinder
  5079 | D:5      | Reached skill level 6 in Stealth
  5234 | D:5      | Reached skill level 7 in Stealth
  5530 | D:5      | Reached skill level 8 in Stealth
  5530 | D:5      | Reached XP level 8. HP: 36/36 MP: 18/20
  6131 | D:5      | Found a shimmering blue altar of Sif Muna.
  6212 | D:5      | Reached skill level 9 in Stealth
  6458 | D:6      | Found a basalt altar of Yredelemnul.
  6784 | D:3      | Bought a transparent robe for 153 gold pieces
  6784 | D:3      | Identified the +1 robe of the Sturgeon {rCorr} (You bought
                  | it in a shop on level 3 of the Dungeon)
  6936 | D:6      | Reached skill level 10 in Stealth
  7267 | D:6      | Found a stormy altar of Qazlal.
  7488 | D:6      | Found an iron altar of Okawaru.
  7705 | D:7      | Reached XP level 9. HP: 39/39 MP: 19/22
  7723 | D:7      | Found a staircase to the Ecumenical Temple.
  7746 | Temple   | Entered the Ecumenical Temple
  7787 | Temple   | Became a worshipper of Dithmenos the Shadowed
  8175 | D:8      | Reached skill level 11 in Stealth
  8721 | D:7      | Noticed a purple ugly thing
  8734 | D:7      | Killed a purple ugly thing
  8735 | D:7      | Reached skill level 1 in Fighting
  8965 | D:7      | Noticed a five-headed hydra
  9404 | D:8      | Reached skill level 19 in Stealth
  9404 | D:8      | Reached XP level 10. HP: 46/46 MP: 24/24
  9708 | D:8      | Noticed Maggie
  9710 | D:8      | Killed Maggie
  9711 | D:8      | Reached skill level 10 in Hexes
  9823 | D:8      | Reached * piety under Dithmenos
  9975 | D:8      | Found a runed translucent door.
  9976 | D:8      | Found a shimmering altar of Xom.
  9976 | D:8      | Noticed xoxolimbo's ghost (novice DsWz)
  9977 | D:8      | Noticed a +0 trident of chaos
 10018 | D:8      | Noticed a two-headed ogre
 10025 | D:8      | Killed a two-headed ogre
 10145 | D:8      | Reached XP level 11. HP: 50/50 MP: 19/25
 10413 | D:8      | Reached skill level 5 in Dodging
 10624 | D:7      | Killed a five-headed hydra
 10625 | D:7      | Reached skill level 10 in Spellcasting
 11454 | D:7      | Found an opulent altar of Gozag.
 11591 | D:7      | Reached ** piety under Dithmenos
 11888 | D:9      | Gained mutation: You expend magic power (3 MP) to
                  | strengthen your wands. [potion of mutation]
 12453 | D:9      | Found Meorar's Armour Boutique.
 13013 | D:10     | Entered Level 10 of the Dungeon
 13111 | D:10     | You fall into a shaft and drop 2 floors!
 13245 | D:11     | Found a staircase to the Orcish Mines.
 13362 | D:10     | Found a shimmering altar of Xom.
 13362 | D:10     | Found a sacrificial altar of Ru.
 13515 | D:10     | Reached skill level 5 in Short Blades
 13570 | D:10     | Reached *** piety under Dithmenos
 13895 | D:11     | Found a staircase to the Lair.
 13902 | D:11     | Reached XP level 12. HP: 54/58 MP: 22/27
 13907 | D:11     | Reached skill level 20 in Stealth
 14345 | D:11     | Identified the +7 rapier "Eciwn" {vorpal, Will+ Stlth+}
 15307 | D:12     | Found a portal to a secret trove of treasure.
 15324 | D:12     | Noticed an eight-headed hydra
 15332 | D:12     | Killed an eight-headed hydra
 15537 | D:12     | Noticed a two-headed ogre
 15547 | D:12     | Killed a two-headed ogre
 15644 | D:12     | Reached **** piety under Dithmenos
 16176 | D:12     | Reached skill level 5 in Fighting
 16446 | D:12     | Noticed a two-headed ogre
 16454 | D:12     | Killed a two-headed ogre
 16509 | D:12     | HP: 1/90 [skeletal warrior (15)]
 17176 | D:12     | Noticed Nergalle
 17181 | D:12     | Killed Nergalle
 17248 | D:13     | Noticed a death knight
 17250 | D:13     | Killed a death knight
 17314 | D:13     | Found Kijein's Antique Armour Shop.
 17345 | D:13     | Bought a buzzing cloak for 294 gold pieces
 17345 | D:13     | Identified the +0 cloak "Fytiale" {Dex+7} (You bought it in
                  | a shop on level 13 of the Dungeon)
 17388 | D:13     | Found a bloodstained altar of Trog.
 17519 | D:13     | Noticed a four-headed hydra
 17521 | D:13     | Killed a four-headed hydra
 17522 | D:13     | Reached XP level 13. HP: 64/64 MP: 28/30
 17765 | D:13     | Found a gate to the Vaults.
 17811 | D:13     | Reached skill level 21 in Stealth
 18814 | D:14     | Found a flagged portal.
 18848 | Bailey   | Entered a bailey
 19237 | D:14     | HP: 3/65 [cyclops (19)]
 19518 | D:13     | Reached skill level 10 in Dodging
 19887 | D:14     | Noticed Snorg
 19894 | D:14     | Killed Snorg
 19897 | D:14     | Noticed Jorgrun
 19902 | D:14     | Killed Jorgrun
 20529 | Lair:1   | Entered Level 1 of the Lair of Beasts
 20608 | Lair:1   | Noticed Joseph
 20700 | Lair:1   | Killed Joseph
 21464 | Lair:2   | Reached XP level 14. HP: 67/70 MP: 24/32
 22115 | Lair:3   | Reached ***** piety under Dithmenos
 22230 | Lair:3   | Found a transporter.
 22282 | Lair:3   | Found a staircase to the Swamp.
 22444 | Lair:3   | Found a transporter.
 22808 | Lair:3   | Noticed Behiugoeme's ghost (journeyman DECj)
 22909 | Lair:4   | Found a hole to the Spider Nest.
 22946 | Lair:4   | Reached skill level 22 in Stealth
 23395 | Lair:4   | Noticed Kirke
 23417 | Lair:4   | Killed Kirke
 23899 | Lair:5   | Noticed Nessos
 23902 | Lair:5   | Killed Nessos
 24128 | Lair:5   | Found a viscous altar of Jiyva.
 24129 | Lair:5   | Found a staircase to the Slime Pits.
 24342 | Lair:5   | Found a snail-covered altar of Cheibriados.
 24353 | Lair:5   | Reached skill level 10 in Short Blades
 24360 | Lair:5   | Found a frozen archway.
 24371 | IceCv    | Entered an ice cave
 24874 | Lair:5   | Noticed Yneta's ghost (journeyman DrEE)
 24879 | Lair:5   | Found a runed translucent door.
 25029 | Lair:6   | Entered Level 6 of the Lair of Beasts
 25094 | Lair:6   | Reached skill level 1 in Invocations
 25272 | Lair:6   | Reached XP level 15. HP: 58/76 MP: 21/34
 26029 | Lair:6   | Identified the +1 leather armour "Utaed" {rC+ Will+ Str-3
                  | Slay+2}
 26565 | Lair:6   | Identified the ring of Tokkyles {rPois rN+ Int+3}
 26831 | Orc:1    | Entered Level 1 of the Orcish Mines
 26831 | Orc:1    | Noticed Erolcha
 26834 | Orc:1    | Killed Erolcha
 27710 | Orc:1    | Reached ****** piety under Dithmenos
 27956 | Orc:2    | Entered Level 2 of the Orcish Mines
 28083 | Orc:2    | Found a staircase to the Elven Halls.
 28147 | Orc:2    | Noticed an orc warlord
 28149 | Orc:2    | Killed an orc warlord
 28150 | Orc:2    | Reached skill level 23 in Stealth
 30594 | Orc:2    | Found Nurej's General Store.
 30605 | Orc:2    | Found Waifah's Armour Shop.
 30607 | Orc:2    | Found Denaecor's Weapon Shop.
 30607 | Orc:2    | Found Culocaro's General Store.
 30628 | Orc:2    | Bought a scroll of summoning for 142 gold pieces
 30628 | Orc:2    | Bought a scroll of teleportation for 45 gold pieces
 30628 | Orc:2    | Bought a scroll of summoning for 142 gold pieces
 30634 | Orc:2    | Bought a potion of curing for 39 gold pieces
 30634 | Orc:2    | Bought a potion of heal wounds for 65 gold pieces
 30824 | D:15     | Entered Level 15 of the Dungeon
 31070 | D:15     | Found a staircase to the Depths.
 31249 | D:15     | Found a glowing silver altar of Zin.
 31535 | D:15     | Upgraded the game from 0.28-a0-667-g162e43154e to
                  | 0.28-a0-677-g3278d6a771
 31729 | Spider:1 | Entered Level 1 of the Spider Nest
 31729 | Spider:1 | Identified Roxanne's Disquisition on Earth
 31729 | Spider:1 | Noticed Roxanne
 31753 | Spider:1 | Killed Roxanne
 31815 | Spider:1 | Noticed Donald
 31817 | Spider:1 | Killed Donald
 31818 | Spider:1 | Reached skill level 15 in Hexes
 31862 | Spider:1 | Noticed Frances
 31864 | Spider:1 | Killed Frances
 31938 | Spider:1 | Reached XP level 16. HP: 82/82 MP: 23/35
 32028 | Spider:1 | Noticed Mlioglotl
 32031 | Spider:1 | Killed Mlioglotl
 32039 | Spider:1 | Reached skill level 15 in Spellcasting
 33639 | Spider:2 | Reached skill level 5 in Invocations
 33899 | Spider:2 | Noticed Agnes
 33902 | Spider:2 | You fall into a shaft and drop 1 floor!
 34801 | Spider:3 | Killed Agnes
 36045 | Spider:4 | Entered Level 4 of the Spider Nest
 36185 | Swamp:1  | Entered Level 1 of the Swamp
 36574 | Swamp:1  | Noticed Louise
 36592 | Swamp:1  | Killed Louise
 36609 | Swamp:1  | Learned a level 6 spell: Invisibility
 36852 | Swamp:1  | Reached skill level 24 in Stealth
 37863 | Swamp:2  | Noticed a thorn hunter
 37866 | Swamp:2  | Killed a thorn hunter
 38073 | Swamp:2  | Reached XP level 17. HP: 88/88 MP: 37/37
 38796 | Swamp:3  | Noticed Mara
 38812 | Swamp:4  | Entered Level 4 of the Swamp
 38842 | Swamp:4  | Engulfed by a swamp dragon's poison gas

Illustrated notes

Levels and vault maps discovered:
D:1:      grunt_arrival_crossed_arrows, layout_rooms
D:2:      layout_rooms, basic_altar, shapermc_ecumenical_altar_pompeii
D:3:      layout_basic, lemuel_round_altar, serial_shops, shop,
          nicolae_shop_trees, nicolae_diamond_shop, shop_fountains,
          shop_fountains
D:4:      layout_gridville, nicolae_overflow_crystal_walls,
          nemelex_xobeh_ov_fountains_minmay, minmay_shop_grid_forest
D:5:      minmay_diamond_boxcup, layout_rooms, kennysheep_mini,
          minmay_mini_ossuary, uniq_grinder
D:6:      layout_loops_ring, grunt_qazlal_clouds, mainiacjoe_overflow_chevrons,
          yredelemnul_altar_generic
D:7:      minmay_opposing_rooms, layout_basic, lemuel_doored_altar,
          minmay_temple_entry_stoned_glass
D:8:      layout_basic, ebering_ghost_xom, eino_tiny_chamber, uniq_maggie
D:9:      layout_cave_pools, serial_shops, shop
D:10:     layout_basic, gammafunk_temple_overflow_statue
D:11:     layout_loops_corners, david_lair_generic,
          minmay_orc_entry_temple_large, statue_in_the_mist_lemuel
D:12:     layout_basic, enter_trove_1, uniq_nergalle
D:13:     layout_loops_ring, erik_vaults_2, serial_shops,
          nicolae_shop_overgrown_old_shop, bloody_trog
D:14:     layout_stronghold, enter_bailey_5, uniq_jorgrun, uniq_snorg
D:15:     grunt_enter_depths_magical_seal, layout_cave_pools, zin_angel,
          uniq_azrael
Temple:   minmay_temple_bridge_abc
Lair:1:   layout_misc_corridors, lemuel_old_faithful, grunt_megastairs_3,
          uniq_joseph
Lair:2:   layout_gridlike, st_stairs_4, minmay_holes, beast_lair_carwin_5
Lair:3:   layout_regular_city, minmay_swamp_entry_reptiles,
          gammafunk_ghost_berserking_beasts, columned_hall_lemuel
Lair:4:   layout_concentric_octagons, spider_nest_entry_web_field, special_room
          [special_room_bee], uniq_kirke
Lair:5:   layout_misc_corridors, slime_altar_1, hellmonk_ghost_happy_afterlife,
          portal_ice_cave_entry_pillars_2, basic_altar,
          hangedman_lair_unloving_vines, st_stairs_9,
          chequers_serial_rivers_small_a, uniq_nessos
Lair:6:   minmay_lair_end_frog_pond, layout_hall_layers
Swamp:1:  layout_basic_swamp, evilmike_swamp_ruin_rubble_2, uniq_louise
Swamp:2:  layout_basic_swamp, nicolae_swamp_ascending_descending_big
Swamp:3:  layout_basic_swamp, evilmike_swamp_ruin_house_1, swamp_pool1,
          infiniplex_staircase_pool, uniq_mara
Swamp:4:  nzn_swamp_witches_coven, layout_basic_swamp, swamp_pool1,
          nicolae_swamp_tree_designs
Spider:1: layout_spider_delve, nicolae_spider_spiderdrome, uniq_mlioglotl,
          uniq_frances, uniq_roxanne, uniq_donald
Spider:2: layout_spider_delve, uniq_agnes
Spider:3: layout_chambers
Spider:4: guppyfry_spider_rune, drop_trap
Orc:1:    layout_caves, basic_altar, uniq_erolcha
Orc:2:    st_orc_pillars, layout_diamond_mine, nicolae_orc_tapped_out

Skill      XL: |  1  2  3  4  5  6  7  8  9 10 11 12 13 14 15 16 17 |
---------------+----------------------------------------------------+-----
Spellcasting   | 3 4 5 6 7 8 9 10 12 13 14 15 | 15.9
Hexes          | 4 5 6 7 8 9 10 11 12 13 14 15 16 | 16.1
Stealth        | 8 10 19 20 21 22 23 24 | 24.3
Dodging        | 4 7 9 10 12 13 14 | 14.7
Fighting       | 1 2 4 5 6 7 8 9 |  9.5
Short Blades   | 2 3 5 7 8 10 11 12 | 12.5
Invocations    | 1 4 6 |  6.0

Action                   |  1- 3 |  4- 6 |  7- 9 | 10-12 | 13-15 | 16-18 || total
-------------------------+-------+-------+-------+-------+-------+-------++-------
Melee: Dagger            |   119 |   128 |   202 |   417 |       |       ||   866
       Rapier            |       |       |       |    51 |   805 |   268 ||  1124
Throw: Dart              |       |       |     1 |       |       |       ||     1
 Cast: Ensorcelled Hiber |    31 |    18 |    75 |    68 |   261 |   114 ||   567
       Tukima's Dance    |       |     1 |     9 |    42 |    45 |    21 ||   118
       Dazzling Flash    |       |       |     7 |     4 |     5 |     7 ||    23
       Invisibility      |       |       |       |       |       |     4 ||     4
Invok: Shadow Step       |       |       |       |     3 |     8 |     3 ||    14
Evoke: Wand              |       |       |     5 |    20 |    27 |     6 ||    58
       Tin of tremorston |       |       |       |     2 |     3 |       ||     5
       Box of beasts     |       |       |       |       |       |     2 ||     2
  Use: Scroll            |     3 |     7 |     8 |     8 |     9 |    11 ||    46
       Potion            |     1 |       |     5 |     4 |     6 |     5 ||    21
 Stab: Sleeping          |    26 |    18 |    41 |    78 |   251 |   125 ||   539
       Invisible         |       |       |     4 |     8 |     5 |     7 ||    24
       Distracted        |       |       |     1 |     5 |    25 |     6 ||    37
Armor: Robe              |    14 |    24 |    55 |       |       |       ||    93
       Steam dragon scal |       |       |       |    84 |    45 |    18 ||   147
Dodge: Dodged            |   105 |   113 |   194 |   442 |   709 |   410 ||  1973
Block: Other             |       |       |       |       |   119 |    66 ||   185
       Reflection        |       |       |       |       |     6 |     1 ||     7

Table legend: (Time is in decaauts)
 A = Elapsed time spent in this place.
 B = Non-inter-level travel time spent in this place.
 C = Inter-level travel time spent in this place.
 D = Time resting spent in this place.
 E = Time spent auto-exploring this place.
 F = Levels seen in this place.
 G = Mean time per level.
                   A        B        C        D        E       F      G
               +--------+--------+--------+--------+--------+-----+--------+
         Total |  30573 |  29291 |   1282 |  10005 |  12629 |  34 |  899.2 |
       Dungeon |  16900 |  16239 |    661 |   5727 |   7071 |  15 | 1126.7 |
        Temple |     43 |     30 |     13 |      0 |     22 |   1 |   43.0 |
          Lair |   4743 |   4521 |    222 |    839 |   2525 |   6 |  790.5 |
         Swamp |   2282 |   2135 |    147 |    746 |    872 |   4 |  570.5 |
   Spider Nest |   3503 |   3367 |    136 |   1696 |   1052 |   4 |  875.8 |
  Orcish Mines |   2729 |   2627 |    102 |    797 |   1071 |   2 | 1364.5 |
        Bailey |    335 |    335 |      0 |    198 |      6 |   1 |  335.0 |
      Ice Cave |     34 |     34 |      0 |      0 |      7 |   1 |   34.0 |
               +--------+--------+--------+--------+--------+-----+--------+

Top non-repeatable levels by time:
    D:11: 2198 daAuts
     D:8: 1885 daAuts
   Orc:2: 1760 daAuts
Spider:1: 1554 daAuts
     D:5: 1506 daAuts
     D:7: 1365 daAuts
Spider:3: 1348 daAuts
    D:13: 1325 daAuts
     D:4: 1276 daAuts
 Swamp:2: 1234 daAuts
  Lair:6: 1165 daAuts
     D:9: 1041 daAuts
     D:2: 1017 daAuts
    D:12: 1004 daAuts
  Lair:5: 972 daAuts
